 Dungeon Crawl Stone Soup version 0.32-a0-30-gefbe487952 (webtiles) character file.

Game seed: 4167276889778214046

324 hence the Caller (level 6, 0/32 HPs)
             Began as a Deep Elf Summoner on Jan 19, 2024.
             Was a Follower of Cheibriados.
             Slain by a gnoll bouda
             ... wielding a +0 club
              (10 damage)
             ... on level 4 of the Dungeon on Jan 20, 2024.
             The game lasted 00:45:36 (3793 turns).

hence the Caller (Deep Elf Summoner)                Turns: 3793, Time: 00:45:37

Health: 0/32       AC:  5    Str:  8    XL:     6   Next: 23%
Magic:  10/16      EV: 10    Int: 25    God:    Cheibriados [*.....]
Gold:   9          SH:  0    Dex: 18    Spells: 10/16 levels left

rFire   . . .        n - +1 whip (venom)
rCold   . . .        (no shield)
rNeg    . . .        y - +0 ring mail
rPois   .            (no helmet)
rElec   .            (no cloak)
rCorr   .            (no gloves)
SInv    .            (no boots)
Will    .....        (no amulet)
Stlth   ++           (no ring)
HPRegen 0.25/turn    (no ring)
MPRegen 0.15/turn

%: no passive effects
@: weakened, inugami summoned, very slow
A: no striking features
a: Renounce Religion, Bend Time


You were on level 4 of the Dungeon.
You worshipped Cheibriados.
Cheibriados was aware of your devotion.
You visited 1 branch of the dungeon, and saw 4 of its levels.

You collected 146 gold pieces.
You spent 137 gold pieces at shops.

Inventory:

Hand Weapons
 c - a +0 dagger
 d - a +0 club
 e - a +0 club
 f - a +1 dagger of holy wrath
 g - a +0 club
 i - a +0 club
 n - a +1 whip of venom (weapon)
 o - a +0 dagger
 p - a +0 short sword
 q - a +0 vampiric short sword
 r - a +0 dagger
 s - a +0 dagger
 t - a +0 spear
 w - a +0 arbalest
 x - a +0 spear
 A - a +0 hand axe
 C - a +0 short sword
 K - a +0 quarterstaff
Missiles
 k - 23 stones
 H - 5 curare-tipped darts
 L - 6 poisoned darts
Armour
 a - a +0 robe
 m - a +0 leather armour
 y - a +0 ring mail (worn)
 E - a +0 scale mail
 G - a +0 chain mail
 I - a +0 scale mail
Jewellery
 J - an amulet of guardian spirit
Scrolls
 j - a scroll of enchant armour {unknown}
 v - a scroll of revelation {unknown}
 B - 2 scrolls of identify {unknown}
 D - a scroll of brand weapon {unknown}
Potions
 b - a potion of magic
 h - 2 potions of invisibility {unknown}
 l - a potion of curing
 u - 2 potions of lignification {unknown}
 z - 2 potions of heal wounds {unknown}
 F - a potion of haste {unknown}


   Skills:
 + Level 0.3 Fighting
 + Level 0.5 Maces & Flails
 + Level 1.8 Armour
 + Level 2.5 Dodging
 + Level 2.9 Stealth
 + Level 5.5 Spellcasting
 + Level 6.2 Summonings


You had 10 spell levels left.
You knew the following spells:

 Your Spells              Type           Power      Damage    Failure   Level
a - Summon Small Mammal   Summ           100%       N/A       1%          1
b - Call Imp              Summ           76%        N/A       2%          2
c - Call Canine Familiar  Summ           38%        N/A       5%          3

Your spell library contained the following spells:

 Spells                   Type           Power      Damage    Failure   Level
 Summon Blazeheart Golem  Fire/Summ      22%        N/A       54%         4
 Summon Lightning Spire   Summ/Air       22%        N/A       54%         4


Dungeon Overview and Level Annotations

Branches:
Dungeon (4/15)
 Temple: D:4-7

Altars:
Cheibriados
Uskayaw
Xom

Shops:
D:4 (

Portals:
Abyss: D:3

Annotations:
D:3 2 transporters, Name63's ghost, amateur OpSh


Message History

Your inugami hits the gnoll bouda but does no damage.
Your magical contamination has completely faded away.
The gnoll hits your cerulean imp with a +0 whip!
Your quokka closely misses the gnoll bouda.
The gnoll hits you from afar with a +0 halberd!
The gnoll bouda closely misses your quokka.
Your inugami barely misses the gnoll bouda.
Your cerulean imp hits the gnoll with a -1 spear.
Your quokka disappears in a puff of smoke!
The gnoll closely misses you.
The gnoll hits your cerulean imp with a +0 whip.
Your inugami hits the gnoll bouda.
Your cerulean imp barely misses the gnoll.
The gnoll hits you from afar with a +0 halberd.
* * * LOW HITPOINT WARNING * * *
You see here a fizzy dark potion.
You feel better.
The gnoll bouda calls upon its god to heal the gnoll.
The gnoll's wounds heal themselves!
Your inugami barely misses the gnoll bouda.
Your cerulean imp barely misses the gnoll.
The gnoll hits you from afar with a +0 halberd.
The gnoll bouda gazes fiercely through you!
You feel your attacks grow feeble.
Your cerulean imp hits the gnoll from afar with a -1 spear.
The gnoll hits your inugami with a +0 whip.
The gnoll hits you from afar with a +0 halberd.
* * * LOW HITPOINT WARNING * * *
The gnoll bouda barely misses you.
Your cerulean imp closely misses the gnoll.
Your inugami closely misses the gnoll bouda.
The gnoll closely misses your inugami. The gnoll misses your inugami.
The gnoll bouda attacks as it pursues you!
The gnoll bouda closely misses you.
Your inugami hits the gnoll bouda.
Your cerulean imp hits the gnoll from afar with a -1 spear.
The gnoll barely misses your inugami.
Your inugami hits the gnoll bouda.
The gnoll bouda attacks as it pursues you!
The gnoll bouda hits you with a +0 club!
You die...

..).#.......#......#
....#.......#......
#...#.......#....#
....#.......#...# #
...)#.......#...# .+
...##...........## #.#
...#####)........###.#
.....................# .
#^..............@)..###...
#............####g).......
#............# #.g).....$
#............# #!h.5.....
#............# #..g......
#....#####...# #.........
#....# ...# #.......[.
#.... ...# #.........
#...#.....


You could see a gnoll bouda (ally target), 2 gnolls, a friendly cerulean imp
(summoned) and a friendly inugami (summoned).

Vanquished Creatures
  A scorpion (D:4)
  An iguana (D:4)
  A dart slug (D:4)
  A ribbon worm (D:2)
  A ball python (D:2)
  2 endoplasms
  A giant cockroach (D:3)
  A jackal (D:1)
  A bat (D:2)
  A frilled lizard (D:3)
  3 rats
14 creatures vanquished.

Vanquished Creatures (collateral kills)
  An ogre (D:3)
  6 gnolls
  An adder (D:3)
  2 ribbon worms (D:3)
  A dart slug (D:1)
  2 orcs (D:3)
  6 bats
  4 endoplasms
  3 giant cockroaches
  5 goblins
  2 hobgoblins
  A jackal (D:1)
  8 kobolds
  5 quokkas
  6 ball pythons
  3 frilled lizards
  9 rats
65 creatures vanquished.

Grand Total: 79 creatures vanquished

Notes
Turn   | Place    | Note
-------+----------+-------------------------------------------
     0 | D:1      | hence the Deep Elf Summoner began the quest for the Orb.
     0 | D:1      | Reached XP level 1. HP: 10/10 MP: 6/6
   136 | D:1      | Reached XP level 2. HP: 15/15 MP: 5/8
   141 | D:1      | Learned a level 2 spell: Call Imp
   404 | D:1      | Reached skill level 5 in Summonings
   631 | D:1      | Reached XP level 3. HP: 18/19 MP: 5/9
   635 | D:1      | Learned a level 3 spell: Call Canine Familiar
  2261 | D:3      | Reached XP level 4. HP: 19/24 MP: 9/12
  2340 | D:3      | Found a hide-covered altar of Uskayaw.
  2425 | D:3      | Found a faded altar of an unknown god.
  2442 | D:3      | Prayed at the altar of an unknown god.
  2442 | D:3      | Became a worshipper of Cheibriados the Contemplative
  2442 | D:3      | Reached * piety under Cheibriados
  2706 | D:3      | Found a transporter.
  2712 | D:3      | Noticed a kobold brigand
  2719 | D:3      | Noticed Name63's ghost (amateur OpSh)
  2788 | D:3      | Found a transporter.
  2788 | D:3      | Found a one-way gate to the infinite horrors of the Abyss.
  3074 | D:3      | Found a shimmering altar of Xom.
  3136 | D:3      | Noticed an ogre
  3146 | D:3      | Killed an ogre
  3147 | D:3      | Reached skill level 5 in Spellcasting
  3147 | D:3      | Reached skill level 6 in Summonings
  3147 | D:3      | Reached XP level 5. HP: 3/28 MP: 7/14
  3428 | D:4      | Reached skill level 1 in Armour
  3428 | D:4      | Reached XP level 6. HP: 7/32 MP: 14/16
  3696 | D:4      | Found Jinkue's Weapon Shop.
  3700 | D:4      | Bought a +1 dagger of holy wrath for 137 gold pieces
  3706 | D:4      | Found a snail-covered altar of Cheibriados.
  3793 | D:4      | Slain by a gnoll bouda

Illustrated notes

Levels and vault maps discovered:
D:1:      dpeg_arrival_tiny_g, layout_basic
D:2:      layout_rooms
D:3:      layout_loops_ring, lemuel_tele_altar, lemuel_crystal_altar,
          chequers_ecumenical_altar_island, gammafunk_ghost_abyssal_escape,
          minmay_misc_feat_encased, minmay_misc_feat_more_columns
D:4:      layout_basic, kennysheep_slug_shrine, nemelex_dance_club_becter,
          serial_shops, kennysheep_mini_moat, minmay_tree_intersection,
          hangedman_feature_mirror

Skill      XL: |  1  2  3  4  5 |
---------------+----------------+-----
Summonings     | 5 6 |  6.2
Spellcasting   | 4 5 |  5.5
Armour         | 1 |  1.8
Fighting       | |  0.3
Maces & Flails | |  0.5
Dodging        | |  2.5
Stealth        | |  2.9

Action                     |  1- 3 |  4- 6 || total
---------------------------+-------+-------++-------
  Melee: Unarmed           |     6 |       ||     6
         Dagger            |    14 |       ||    14
         Whip              |    18 |    14 ||    32
   Cast: Summon Small Mamm |    31 |    14 ||    45
         Call Imp          |    22 |    17 ||    39
         Call Canine Famil |     2 |     3 ||     5
    Use: Potion            |     1 |     3 ||     4
   Stab: Distracted        |     1 |       ||     1
 Armour: Robe              |    18 |       ||    18
         Leather armour    |    14 |       ||    14
         Ring mail         |     4 |    24 ||    28
  Dodge: Dodged            |    33 |    17 ||    50

Table legend: (Time is in decaauts)
 A = Elapsed time spent in this place.
 B = Non-inter-level travel time spent in this place.
 C = Inter-level travel time spent in this place.
 D = Time resting spent in this place.
 E = Time spent auto-exploring this place.
 F = Levels seen in this place.
 G = Mean time per level.
                   A        B        C        D        E       F      G
               +--------+--------+--------+--------+--------+-----+--------+
         Total |   4139 |   4139 |      0 |    557 |   1758 |   4 | 1034.8 |
       Dungeon |   4139 |   4139 |      0 |    557 |   1758 |   4 | 1034.8 |
               +--------+--------+--------+--------+--------+-----+--------+

Top non-repeatable levels by time:
     D:1: 1399 daAuts
     D:3: 1266 daAuts
     D:2: 927 daAuts
     D:4: 546 daAuts
